Map: Tourmaline LE

Players

Fairespiter - Winner!

  • Race: Protoss Protoss
  • League: Master
  • Spawn Location: 7:00

Darkest

  • Race: Protoss Protoss
  • League: Master
  • Spawn Location: 1:00

VOD

Have the link to the VOD?

Description

Time

  • Played on: Dec. 24, 2025, 12:09 p.m.
  • Length: 9:17
Show
View Real Time Build Order
Export as new Build Order

Fairespiter Protoss - Winner!

Build Orders: Phoenix Opening, Blink Stalkers, Zealot Archon 

Get SALT Encoding   

  12  0:00  Probe  
  13  0:12  Probe  
  14  0:16  Pylon  
  14  0:23  Probe  
  15  0:31  Probe  
  16  0:37  Gateway  
  16  0:39  Probe  
  16  0:46  Assimilator  
  17  0:51  Probe  
  18  0:57  Assimilator  
  18  0:59  Probe  
  19  1:08  Probe, Gateway  
  19  1:18  Probe  
  20  1:25  Cybernetics Core  
  21  1:30  Probe  
  22  1:37  Pylon  
  22  1:42  Probe  
  23  1:55  Probe  
  23  1:58  Stalker  
  24  2:01  Sentry  
  24  2:04  Warp Gate  
  28  2:13  Pylon  
  28  2:22  Pylon  
  28  2:34  Phoenix  
  28  2:37  Probe  
  28  2:39  Nexus  
  28  2:43  Sentry x2  
  33  2:45  Probe  
  34  2:53  Shield Battery  
  34  2:55  Probe  
  35  3:06  Twilight Council  
  35  3:09  Probe  
  36  3:16  Pylon  
  36  3:17  Probe  
  36  3:27  Probe  
  38  3:39  Probe  
  39  3:42  Blink  
  39  3:47  Probe  
  39  3:51  Probe  
  39  3:53  Stalker  
  43  3:55  Probe  
  43  3:56  Stalker  
  46  4:03  Probe  
  46  4:05  Probe  
  48  4:15  Probe  
  48  4:16  Probe  
  50  4:24  Probe  
  50  4:27  Nexus, Probe  
  50  4:28  Pylon  
  52  4:32  Probe  
  52  4:33  Assimilator  
  53  4:39  Probe  
  53  4:42  Stalker  
  53  4:44  Probe  
  57  4:47  Stalker  
  57  4:51  Phoenix, Probe  
  60  4:54  Robotics Facility  
  60  4:56  Probe  
  61  5:03  Probe, Forge  
  61  5:04  Probe  
  62  5:08  Protoss Ground Weapons Level 1, Shield Battery  
  62  5:12  Pylon  
  63  5:14  Stalker  
  63  5:16  Probe x2  
  63  5:19  Stalker  
  69  5:26  Probe  
  69  5:28  Probe  
  70  5:31  Pylon  
  70  5:34  Probe  
  70  5:35  Probe  
  71  5:40  Probe, Observer  
  75  5:43  Probe, Stalker  
  75  5:45  Probe  
  75  5:47  Stalker  
  81  5:53  Probe  
  83  5:58  Charge  
  83  5:59  Gateway  
  83  6:00  Gateway  
  83  6:02  Gateway  
  82  6:05  Gateway  
  82  6:09  Gateway  
  82  6:13  Gateway  
  82  6:19  Stalker x2  
  82  6:22  Observer  
  87  6:26  Protoss Ground Weapons Level 2  
  87  6:27  Nexus  
  87  6:30  Pylon  
  87  6:34  Templar Archives  
  87  6:42  Probe x2, Gateway x2  
  87  6:43  Probe  
  90  6:53  Photon Cannon  
  90  6:54  Probe x2  
  90  6:55  Probe  
  93  7:04  Zealot x4  
  93  7:05  Pylon  
  93  7:06  Probe  
  93  7:07  Probe x2  
  104  7:13  High Templar x2  
  107  7:17  Shield Battery  
  107  7:18  Probe  
  107  7:19  Probe, Archon  
  109  7:23  Probe  
  109  7:24  Pylon, Zealot  
  109  7:25  Zealot  
  109  7:26  Pylon  
  114  7:33  Zealot  
  116  7:39  Warp Prism, Pylon  
  116  7:40  Probe, Pylon  
  116  7:41  Probe x3  
  122  7:45  Photon Cannon  
  122  7:50  Photon Cannon  
  122  7:52  Photon Cannon  
  122  7:56  Zealot x3  
  122  7:58  Zealot  
  130  8:02  High Templar x2  
  130  8:04  Zealot x2  
  138  8:05  Archon  
  138  8:11  Zealot x2  
  142  8:15  Pylon  
  142  8:17  Pylon  
  142  8:18  Pylon  
  142  8:23  Zealot  
  142  8:24  Zealot x3  
  142  8:25  Zealot x2  
  154  8:35  Zealot x4  
  162  8:45  Pylon  
  162  8:46  High Templar x2, Zealot x4  
  174  8:51  Nexus  
  166  8:56  Archon  
  166  8:58  Zealot x4  
  130  9:10  Zealot x2  
  130  9:11  Zealot x2  
Show
View Real Time Build Order
Export as new Build Order

Darkest Protoss 

Build Orders: Archon Immortal, Blink Stalkers 

Get SALT Encoding   

  12  0:00  Probe  
  13  0:12  Probe  
  14  0:17  Pylon  
  14  0:23  Probe  
  15  0:31  Probe  
  16  0:37  Gateway  
  16  0:39  Probe  
  16  0:46  Assimilator  
  17  0:51  Probe  
  17  0:54  Assimilator  
  18  0:59  Probe  
  19  1:09  Probe  
  19  1:11  Gateway  
  20  1:19  Probe  
  20  1:24  Cybernetics Core  
  21  1:28  Cybernetics Core  
  21  1:31  Probe  
  22  1:40  Pylon  
  22  1:46  Probe  
  23  1:56  Warp Gate  
  23  1:58  Probe  
  24  2:01  Stalker  
  24  2:04  Sentry  
  28  2:11  Probe  
  29  2:16  Pylon  
  29  2:23  Probe  
  29  2:26  Pylon  
  31  2:41  Nexus  
  30  2:47  Probe, Sentry  
  30  2:49  Sentry  
  35  2:59  Probe  
  35  3:00  Pylon  
  36  3:08  Twilight Council  
  36  3:16  Probe  
  36  3:17  Shield Battery  
  37  3:28  Probe  
  38  3:39  Blink  
  38  3:40  Probe  
  39  3:50  Probe  
  39  3:51  Pylon  
  39  3:52  Probe  
  41  3:58  Probe  
  42  4:04  Probe  
  42  4:08  Probe, Gateway  
  43  4:14  Stalker  
  43  4:16  Probe x2  
  47  4:17  Stalker  
  50  4:24  Probe  
  50  4:27  Robotics Facility  
  50  4:28  Probe  
  52  4:35  Probe  
  52  4:37  Assimilator  
  53  4:43  Stalker  
  53  4:44  Stalker  
  53  4:45  Probe  
  58  4:48  Probe  
  59  4:57  Probe  
  60  5:00  Nexus  
  60  5:01  Pylon  
  60  5:04  Probe  
  61  5:10  Stalker  
  61  5:11  Stalker  
  65  5:15  Probe  
  65  5:20  Probe  
  67  5:26  Protoss Ground Weapons Level 1  
  67  5:27  Probe, Forge  
  68  5:32  Probe  
  68  5:33  Observer  
  68  5:34  Shield Battery  
  69  5:39  Probe  
  69  5:40  Charge  
  71  5:44  Immortal, Probe  
  72  5:51  Probe  
  72  5:52  Pylon  
  72  5:53  Pylon  
  72  5:56  Probe  
  78  6:09  Probe  
  78  6:10  Probe  
  79  6:13  Probe  
  79  6:17  Probe, Gateway  
  81  6:20  Gateway x2  
  81  6:22  Probe  
  83  6:27  Probe  
  83  6:28  Immortal  
  83  6:30  Gateway  
  88  6:36  Zealot  
  88  6:38  Probe x2  
  92  6:42  Pylon  
  92  6:46  Shield Battery  
  92  6:50  Protoss Ground Weapons Level 2, Probe, Gateway  
  92  6:53  Templar Archives  
  93  6:58  Zealot  
  95  7:04  Nexus  
  95  7:06  Pylon  
  95  7:11  Immortal  
  95  7:15  Probe x3  
  102  7:27  Probe  
  103  7:36  Assimilator  
  103  7:38  Assimilator  
  103  7:41  Immortal  
  103  7:42  Zealot x3  
  103  7:43  Zealot x4  
  121  7:56  Gateway  
  121  7:57  Gateway  
  121  8:00  Gateway  
  121  8:02  Gateway  
  121  8:06  Photon Cannon  
  121  8:08  Photon Cannon  
  121  8:12  Shield Battery  
  121  8:14  Photon Cannon  
  121  8:15  Pylon  
  121  8:17  Pylon  
  121  8:18  Pylon  
  121  8:20  Warp Prism  
  123  8:32  High Templar x6  
  135  8:36  Archon x3  
  135  8:39  Zealot x2  
  128  8:57  Zealot x4  
  128  9:01  Zealot  
  128  9:02  Zealot  
  90  9:10  Zealot  
  90  9:11  Zealot x5  
Tags
 
Add a new tag
Caveats
  • Supply blocks, unpowered buildings, or Contaminate may cause inaccurate times.
  • Supply counts are checked every 10 seconds.